 Dungeon Crawl Stone Soup version 0.25.1-2-g60ff931df9 (webtiles) character file.

Game seed: 904590319856061752

175 Delamore the Skirmisher (level 5, 0/34 HPs)
             Began as a Gargoyle Fighter on Aug 29, 2020.
             Slain by a howler monkey (1 damage)
             ... on level 4 of the Dungeon.
             The game lasted 00:01:27 (1264 turns).

Delamore the Skirmisher (Gargoyle Fighter)          Turns: 1264, Time: 00:01:28

Health: 0/34       AC: 13    Str: 21    XL:     5   Next: 55%
Magic:  5/5        EV:  7    Int:  8    God:
Gold:   67         SH:  9    Dex:  9    Spells: 4/4 levels left

rFire    + . .     SeeInvis .   a - +0 flail
rCold    + . .     Gourm    .   c - +0 kite shield
rNeg     + . .     Faith    .   b - +0 scale mail
rPois    ∞         Spirit   .   (no helmet)
rElec    +         Reflect  .   (no cloak)
rCorr    +         Harm     .   q - +0 pair of gloves
MR       .....                  o - +0 pair of boots
Stlth    ..........             (no amulet)
HPRegen  0.11/turn              (no ring)
MPRegen  0.09/turn              (no ring)

@: brilliant, resistant, flying, glowing
A: negative energy resistance 1, electricity resistance, unbreathing,
petrification resistance, rot immunity, AC +4
a: no special abilities


You were on level 4 of the Dungeon.
You were hungry.

You visited 1 branch of the dungeon, and saw 3 of its levels.

You collected 67 gold pieces.

Inventory:

Hand Weapons
 a - a +0 flail (weapon)
Armour
 b - a +0 scale mail (worn)
 c - a +0 kite shield (worn)
 o - a +0 pair of boots (worn)
 q - a +0 pair of gloves (worn)
Scrolls
 e - a scroll of fog {unknown}
 h - 2 scrolls of remove curse {unknown}
 i - a scroll of identify {unknown}
 l - 2 scrolls of teleportation {unknown}
 m - a scroll of magic mapping {unknown}
 n - a scroll of fear {unknown}
Potions
 d - a potion of might
Comestibles
 f - a ration
 j - a chunk of flesh


   Skills:
 + Level 4.3 Fighting
 + Level 3.2 Maces & Flails
 + Level 4.3 Armour
 + Level 4.3 Shields


You had 4 spell levels left.
You didn't know any spells.
Your spell library was empty.

Dungeon Overview and Level Annotations

Branches:
Dungeon (2/15)

Altars:


Innate Abilities, Weirdness & Mutations

You are resistant to torment.
Your stone body is resilient. (AC +4)
You are immune to poison.
You resist negative energy. (rN+)
You are resistant to electric shocks. (rElec)
You can survive without breathing.
You are immune to petrification.
You are immune to rotting.


Message History

You hear an angry hiss.
You barely miss the gnoll.
The gnoll is heavily wounded.
You block the gnoll's attack. The gnoll completely misses you.
Your shield and scale mail prevent you from hitting the gnoll.
The gnoll is heavily wounded.
The gnoll hits you with a +0 club.
* * * LOW HITPOINT WARNING * * *
The gnoll hits you but does no damage.
The howler monkey hoots and howls with incredible vigour!
You hear an angry hiss.
You thump the gnoll!
You kill the gnoll!
You closely miss the howler monkey. You block the howler monkey's attack.
The howler monkey hits you.
* * * LOW HITPOINT WARNING * * *
You hit the howler monkey.
The howler monkey is lightly wounded.
The howler monkey hits you.
You die...

.## ## ..# .## ..# ..##
..# . #..### ..# ...
##...########### ..#....
##............#####.......
#..########..)@hSgo..#
#..# ##########..# #..#
... #..# . #..# #..# #..#


You could see a howler monkey, an orc wizard, a gnoll and an adder.

Vanquished Creatures
  An orc priest (D:4)
  An orc wizard (D:4)
  A gnoll shaman (D:4)
  3 gnolls
  An adder (D:2)
  A dart slug (D:2)
  2 orcs (D:4)
  6 giant cockroaches
  5 goblins (D:1)
  3 hobgoblins (D:1)
  4 jackals (D:1)
  7 kobolds
  A bat (D:1)
  3 frilled lizards (D:1)
  11 rats
50 creatures vanquished.

Notes
Turn   | Place    | Note
-------+----------+-------------------------------------------
     0 | D:1      | Delamore the Gargoyle Fighter began the quest for the Orb.
     0 | D:1      | Reached XP level 1. HP: 14/14 MP: 1/1
   133 | D:1      | Reached XP level 2. HP: 18/19 MP: 2/2
   346 | D:1      | Reached XP level 3. HP: 22/23 MP: 3/3
  1062 | D:2      | Reached XP level 4. HP: 19/29 MP: 4/4
  1151 | D:2      | You fall into a shaft and drop 2 floors!
  1249 | D:4      | Reached XP level 5. HP: 2/33 MP: 5/5
  1263 | D:4      | HP: 1/34 [howler monkey (2)]
  1264 | D:4      | Slain by a howler monkey

Illustrated notes

Levels and vault maps discovered:
D:1:      dpeg_arrival_leaves_temple_mockup, layout_basic
D:2:      layout_basic, nicolae_overflow_hidden_temple, first_ration
D:4:      layout_cave_pods, lemuel_crystal_altar, kennysheep_mini

Skill      XL: |  1  2  3  4 |
---------------+-------------+-----
Fighting       | 4 |  4.3
Shields        | 4 |  4.3
Armour         | 4 |  4.3
Maces & Flails | 3 |  3.2

Action                   |  1- 3 |  4- 6 || total
-------------------------+-------+-------++-------
Melee: Flail             |   169 |    47 ||   216
  Use: Potion            |       |     3 ||     3
  Eat: Chunk             |     1 |       ||     1
Armor: Scale mail        |   133 |    25 ||   158
Dodge: Dodged            |    71 |    12 ||    83
Block: Kite shield       |   127 |    31 ||   158
